 Dungeon Crawl Stone Soup version 0.27-a0-1149-g4505690ab0 (webtiles) character file.

Game seed: 18379842375642161910

629 senseless the Cudgeller (level 7, -10/57 HPs)
             Began as a Palentonga Fighter on May 13, 2021.
             Mangled by an ogre zombie
             ... wielding a +0 giant spiked club of venom
              (11 damage)
             ... on level 4 of the Dungeon.
             The game lasted 00:12:31 (4391 turns).

senseless the Cudgeller (Palentonga Fighter)        Turns: 4391, Time: 00:12:32

Health: -10/57     AC: 21    Str: 22    XL:     7   Next: 23%
Magic:  7/7        EV: 10    Int:  8    God:
Gold:   85         SH:  9    Dex:  9    Spells: 6/6 levels left

rFire    + . .     SeeInvis +   a - +0 flail
rCold    + . .     Faith    .   c - +0 kite shield
rNeg     . . .     Spirit   .   b - +0 scale mail
rPois    +         Reflect  .   h - +1 helmet
rElec    +         Harm     .   j - scarf {shadows}
rCorr    +         Rampage  .   n - +0 pair of gloves
Will     .....                  (no barding)
Stlth    ..........             (no amulet)
HPRegen  0.19/turn              e - +4 ring of protection
MPRegen  0.10/turn              o - +4 ring of evasion

@: lethally poisoned (-10 -> -12), resistant, hasted, curled up, very quick
A: large, rugged brown scales 3, see invisible, deformed body, roll 1, armoured
tail, reflexive curl
a: Rolling Charge


You were on level 4 of the Dungeon.
You visited 1 branch of the dungeon, and saw 4 of its levels.

You collected 85 gold pieces.

Inventory:

Hand Weapons
 a - a +0 flail (weapon)
 g - a +1 dagger of speed
Armour
 b - a +0 scale mail (worn)
 c - a +0 kite shield (worn)
 h - a +1 helmet (worn)
 j - a scarf of shadows (worn)
 n - a +0 pair of gloves (worn)
Jewellery
 d - a +4 ring of protection
 e - a +4 ring of protection (left hand)
 i - a +4 ring of protection
 o - a +4 ring of evasion (right hand)
 r - a +6 ring of dexterity
Wands
 m - a wand of polymorph (8)
Scrolls
 f - a scroll of identify
 p - a scroll of teleportation
Potions
 l - a potion of magic


   Skills:
 + Level 4.2 Fighting
 + Level 5.7 Maces & Flails
 + Level 3.6 Armour
 + Level 1.1 Dodging
 + Level 0.1 Stealth
 + Level 3.4 Shields


You had 6 spell levels left.
You didn't know any spells.
Your spell library contained the following spells:

 Spells                   Type           Power      Damage    Failure   Level
 Magic Dart               Conj           0%         1d3       98%         1
 Shock                    Conj/Air       0%         1d3       98%         1
 Searing Ray              Conj           0%         3d3       99%         2
 Static Discharge         Conj/Air       0%         N/A       99%         2
 Dazzling Flash           Conj/Hex       0%         N/A       100%        3
 Swiftness                Air            0%         N/A       100%        3
 Airstrike                Air            0%         N/A       100%        4
 Fulminant Prism          Conj/Hex       0%         3d6       100%        4
 Iskenderun's Mystic Bla  Conj/Tloc      0%         2d3       100%        4
 Iskenderun's Battlesphe  Conj           0%         2d6       100%        5
 Lightning Bolt           Conj/Air       0%         1d11      100%        5
 Statue Form              Tmut/Erth      0%         N/A       100%        6


Dungeon Overview and Level Annotations

Branches:
Dungeon (4/15)
 Temple: D:4-7

Altars:
Gozag
Wu Jian

Shops:
D:4 *!=*

Annotations:
D:4 1 transporter


Innate Abilities, Weirdness & Mutations

You are completely covered in rugged brown scales. (AC +3, +7% HP)
You have supernaturally acute eyesight. (SInv)
Armour fits poorly on your strangely shaped body.
You can roll at nearby foes to attack.
You have a long armoured tail.
You curl defensively after being hit.


Message History

The ogre zombie closely misses you.
You are too injured to fight recklessly!
You are too injured to fight recklessly!
You feel protected.
You feel very sick. The ogre zombie misses you.
The gnoll sergeant zombie hits you from afar with a +2 spear of venom.
It was a potion of magic.
Magic courses through your body.
You feel very sick. The ogre zombie closely misses you.
The ogre zombie barely misses you.
The gnoll sergeant zombie barely misses you.
It was a potion of haste.
You feel yourself speed up.
You feel sick. You block the ogre zombie's attack.
You hit the ogre zombie.
The ogre zombie is severely damaged.
You feel sick.
You block the gnoll sergeant zombie's attack.
The ogre zombie hits you with a +0 giant spiked club of venom!
* * * LOW HITPOINT WARNING * * *
You sock the ogre zombie!
The ogre zombie is severely damaged.
* * * LOW HITPOINT WARNING * * *
You feel sick.
The gnoll sergeant zombie closely misses you.
The ogre zombie closely misses you.
You sock the ogre zombie!
You destroy the ogre zombie!
* * * LOW HITPOINT WARNING * * *
You feel sick. The ogre zombie misses you.
You sock the ogre zombie!
The ogre zombie is moderately damaged.
* * * LOW HITPOINT WARNING * * *
You feel sick.
The gnoll sergeant zombie hits you but does no damage.
You hit the ogre zombie. You tail-slap the ogre zombie!
The ogre zombie is severely damaged.
* * * LOW HITPOINT WARNING * * *
You feel sick.
The ogre zombie hits you with a +0 giant spiked club of venom!
You die...

......(........)......#...#.#'#..
#####<..).........##......###∩#..
##....................#####..
##.<...........########......
#..##..#########○.○.°###...#.
#.......#☼☼°°°○#○☼°○.#....##.
#.......#○°°☼○.#°○○°○##...#..
#....>..#○○#.#.☼.○.$$#.......
##.....©#☼°©@Z.☼○○.$©#©..##..
###....#○°#Z#Z°○○.$$#.......
######°°○☼☼○#○○°°○#......#
####○○○°☼°#.☼°°°####....
##..########○°°.°##......
#..........#######.......
#...............###.#....
###................##.#....
#..........#...##.##..#....


You could see a gnoll sergeant zombie, an orc warrior zombie and an ogre zombie.

Vanquished Creatures
  Grinder (D:4)
  Menkaure (D:4)
  An orc priest (D:4)
  An iguana (D:4)
  An ogre zombie (D:4)
  11 gnolls
  3 adders
  An adder skeleton (D:4)
  2 dart slugs
  10 orcs
  10 ball pythons
  8 endoplasms
  3 giant cockroaches
  3 goblins
  4 hobgoblins
  4 jackals
  5 quokkas
  8 bats
  4 frilled lizards
  7 kobolds
  6 rats
94 creatures vanquished.

Notes
Turn   | Place    | Note
-------+----------+-------------------------------------------
     0 | D:1      | senseless the Palentonga Fighter began the quest for the
                  | Orb.
     0 | D:1      | Reached XP level 1. HP: 19/19 MP: 1/1
   226 | D:1      | Reached XP level 2. HP: 25/25 MP: 2/2
   775 | D:1      | Reached XP level 3. HP: 27/31 MP: 3/3
   897 | D:1      | Found a faded altar of an unknown god.
  1545 | D:2      | Reached XP level 4. HP: 39/39 MP: 4/4
  2169 | D:2      | Reached skill level 3 in Maces & Flails
  2572 | D:3      | Identified the Almanac of Earthen Conjuration
  2854 | D:4      | Found Sooxzidu's Book Shoppe.
  2854 | D:4      | Found a transporter.
  2975 | D:4      | Found Toffollieq's General Store.
  3007 | D:4      | Reached XP level 5. HP: 44/44 MP: 5/5
  3154 | D:4      | Reached skill level 4 in Maces & Flails
  3210 | D:4      | Found Petuh's Distillery.
  3212 | D:4      | Noticed Menkaure
  3393 | D:4      | Found Betas's Jewellery Shoppe.
  3438 | D:4      | Noticed Grinder
  3450 | D:4      | Paralysed by Grinder for 4 turns
  3462 | D:4      | Killed Grinder
  3463 | D:4      | Reached skill level 5 in Maces & Flails
  3463 | D:4      | Reached skill level 1 in Dodging
  3463 | D:4      | Reached XP level 6. HP: 12/51 MP: 6/6
  3827 | D:4      | Found a transporter.
  3845 | D:4      | Found Ufriti's General Store.
  4046 | D:4      | Found an ornate altar of the Wu Jian Council.
  4130 | D:4      | Killed Menkaure
  4131 | D:4      | Gained mutation: You curl defensively after being hit.
                  | [Palentonga growth]
  4131 | D:4      | Reached XP level 7. HP: 35/57 MP: 7/7
  4245 | D:4      | Found an opulent altar of Gozag.
  4390 | D:4      | HP: 2/57 [poisoned by an ogre zombie]
  4391 | D:4      | Mangled by an ogre zombie

Illustrated notes

Levels and vault maps discovered:
D:1:      lemuel_arrival_muddy, layout_loops_cross,
          hellmonk_ecumenical_altar_arch_garden, serial_park_tiny_2,
          hangedman_decor_diamond_cutter, minmay_misc_feat_x, hex_tiny
D:2:      layout_basic, item_on_display_b
D:3:      layout_loops_cross
D:4:      gammafunk_cloud_chamber, layout_cave_pools, lemuel_tele_altar,
          lemuel_round_altar, serial_shops, shop, kennysheep_mini, shop,
          nicolae_shop_stone, nicolae_shop_waterfront, corner_web_ring,
          uniq_menkaure, uniq_grinder

Skill      XL: |  1  2  3  4  5 |
---------------+----------------+-----
Maces & Flails | 3 5 |  5.7
Armour         | 3 |  3.6
Shields        | 3 |  3.4
Fighting       | 4 |  4.2
Dodging        | 1 |  1.1
Stealth        | |  0.1

Action                   |  1- 3 |  4- 6 |  7- 9 || total
-------------------------+-------+-------+-------++-------
Melee: Flail             |   118 |   181 |    10 ||   309
       Tailslap          |    14 |    12 |     1 ||    27
 Abil: Rolling Charge    |    35 |    34 |       ||    69
  Use: Scroll            |     1 |     7 |     2 ||    10
       Potion            |       |     3 |     3 ||     6
Armor: Scale mail        |    74 |    84 |     3 ||   161
       Skin              |       |     7 |       ||     7
Dodge: Dodged            |    26 |    67 |    12 ||   105
Block: Kite shield       |    49 |    90 |     5 ||   144

Table legend: (Time is in decaauts)
 A = Elapsed time spent in this place.
 B = Non-inter-level travel time spent in this place.
 C = Inter-level travel time spent in this place.
 D = Time resting spent in this place.
 E = Time spent auto-exploring this place.
 F = Levels seen in this place.
 G = Mean time per level.
                   A        B        C        D        E       F      G
               +--------+--------+--------+--------+--------+-----+--------+
         Total |   4531 |   4299 |    232 |    179 |   3390 |   4 | 1132.8 |
       Dungeon |   4531 |   4299 |    232 |    179 |   3390 |   4 | 1132.8 |
               +--------+--------+--------+--------+--------+-----+--------+

Top non-repeatable levels by time:
     D:4: 1316 daAuts
     D:1: 1256 daAuts
     D:2: 1022 daAuts
     D:3: 935 daAuts
